Unix NetHack Version 5.0.0-0 post-release - last build May 10 2026 23:12:36 (d1fa5d53e341ca933230fdaa984d921c805b60aa,branch:main).

Game began 2026-05-12 04:03:15, ended 2026-05-12 05:11:28.

BeardyHaddock, lawful male dwarven Archeologist

 --------
 |/.)!.[|            -------------
 |()[*..|            |...........|
 |)(%%.[|            |...........|
 |(...()|            |.......f...-####-----
 |.....)|            |..:@..%...^|   #|...|
 -----|--            ----.--------   #-`..|
      ##                 #            |...|
       ##                #            |...|
        ###              #            |.!.%#
  --------.---         ###            |.{.|
  |...........#####   ##              -----
  |...^<..(..|    #---.-
  |..........|    #|....#
  ------------    #..{<|
                   |...|
                   |.%.|
                   -----

BeardyHaddock the Investigator  St:16 Dx:12 Co:13 In:16 Wi:13 Ch:12  Lawful
Dlvl:9  $:1129 HP:0(69) Pw:20(20) AC:5  Xp:7 T:7808  Burdened

Latest messages:
 The giant spider starts to attack you, but pulls back.
 The large cat bites the giant spider.
 The giant spider misses the large cat.
 The giant spider starts to attack you, but pulls back.
 The giant spider starts to attack you, but pulls back.
 The large cat misses the giant spider.
 The giant spider starts to attack you, but pulls back.
 The giant spider starts to attack you, but pulls back.
 You finish your prayer.
 You feel that Quetzalcoatl is well-pleased.
 You feel much better.
 The large cat bites the giant spider.
 The giant spider misses the large cat.
 The giant spider strikes at your displaced image and misses you!
 The giant spider strikes at your displaced image and misses you!
 You hear some noises.
 The large cat bites the giant spider.
 The giant spider misses the large cat.
 The giant spider strikes at your displaced image and misses you!
 The giant spider strikes at your displaced image and misses you!
 You hear some noises in the distance.
 You find a magic trap.
 The giant spider bites!
 You hit the giant spider!
 The giant spider bites!
 You miss the giant spider.
 The giant spider bites!
 You hit the giant spider!
 The giant spider bites!
 You hit the giant spider!
 The giant spider bites!
 The giant spider bites!
 The giant spider bites!
 You hit the giant spider!
 The giant spider turns to flee.
 In what direction? 6
 The door resists!
 You kill the giant spider!
 The large cat picks up a giant spider corpse.
 The crocodile bites!
 The crocodile hits!
 The crocodile bites!
 The crocodile hits!
 The large cat drops a giant spider corpse.
 The crocodile bites!
 The crocodile hits!
 The crocodile bites!
 You die...
 Do you want your possessions identified? [ynq] (y) y
 Do you want to see your attributes? [ynq] (y) q

Inventory:
 Coins    ('$')
  $ - 1129 gold pieces
 Weapons  (')')
  w - 7 +0 daggers (at the ready)
  a - a +2 bullwhip
 Armor    ('[')
  c - an uncursed +0 fedora
  r - a blessed rotted +2 cloak of displacement (being worn)
  b - an uncursed +2 leather jacket (being worn)
 Comestibles  ('%')
  d - 4 uncursed food rations
  L - 2 uncursed lembas wafers
 Scrolls  ('?')
  Z - a cursed scroll of confuse monster
  W - an uncursed scroll of create monster
  o - 2 uncursed scrolls of light
  X - an uncursed scroll of magic mapping
  S - an uncursed scroll of teleportation
 Potions  ('!')
  C - an uncursed potion of object detection
  m - an uncursed potion of water
 Wands    ('/')
  J - a cursed wand of make invisible (0:1)
  P - a wand of polymorph (0:4)
  G - a wand of secret door detection (0:14)
 Tools    ('(')
  E - a cursed blindfold
  t - an uncursed lock pick
  k - an uncursed magic lamp (lit)
  e - a +0 pick-axe (weapon in right hand)
  O - an uncursed tin opener
  f - a tinning kit (0:95)
  v - an uncursed towel
 Gems/Stones  ('*')
  H - a cursed loadstone
  R - an uncursed luckstone
  g - an uncursed touchstone

BeardyHaddock the Archeologist's attributes:

Background:
 You were an Investigator, a level 7 male dwarven Archeologist.
 You were lawful, on a mission for Quetzalcoatl
 who was opposed by Camaxtli (neutral) and Huhetotl (chaotic).
 You were right-handed.
 You were in the Dungeons of Doom, on level 9.
 You entered the dungeon 7808 turns ago.
 It was nighttime.
 You had 1073 experience points, 207 more were needed to attain level 8.

Basics:
 You had 0 out of 69 hit points.
 You had all 20 energy points (spell power).
 Your armor class was 5.
 Your wallet contained 1129 zorkmids.
 Autopickup was off.

Final Characteristics:
 Your strength was 16 (limit:18/100).
 Your dexterity was 12 (limit:20).
 Your constitution was 13 (limit:20).
 Your intelligence was 16 (limit:16).
 Your wisdom was 13 (limit:16).
 Your charisma was 12 (limit:16).

Final Status:
 You weren't hungry.
 You were burdened; movement was slightly slowed.
 You were wielding a pick-axe.
 You had expert skill with pick-axe.

Final Attributes:
 You were piously aligned.
 You had automatic searching.
 You had infravision.
 You were displaced.
 You were stealthy.
 You were warded.
 You were fast.
 You were lucky.
 You had extra luck.
 Bad luck did not time out for you.
 Good luck did not time out for you.
 You are dead.

Miscellaneous:
 You encountered 1 bones level.
 Total elapsed playing time was 1 hour, 8 minutes and 13 seconds.

Major events:
 Turn
    1: BeardyHaddock the lawful male dwarven Archeologist entered the dungeon
  817: entered the Gnomish Mines
 1190: attained the rank of Field Worker (level 3)
 2386: reached Mine Town
 5009: attained the rank of Investigator (level 6)
 7393: consulted the Oracle
 7808: killed by a crocodile

Spells:
 Name                 Level Category     Fail Retention
 create familiar        6   clerical     100%   51%-75%

Skills:
 Fighting Skills
   bare handed combat [Unskilled]
   two weapon combat  [Unskilled]
   riding             [Unskilled]
 Weapon Skills
   dagger             [Unskilled]
   knife              [Unskilled]
   pick-axe           [Expert]
   short sword        [Unskilled]
   saber              [Unskilled]
   club               [Unskilled]
   quarterstaff       [Unskilled]
   sling              [Unskilled]
   dart               [Unskilled]
   boomerang          [Unskilled]
   whip               [Basic]
   unicorn horn       [Unskilled]
 Spellcasting Skills
   attack spells      [Unskilled]
   healing spells     [Unskilled]
   divination spells  [Unskilled]
   matter spells      [Unskilled]

Voluntary challenges:
 Character rerolling was not enabled.
 You never genocided any monsters.
 You never polymorphed an object.
 You never changed form.
 You used no wishes.
Achievements:
 You entered the Gnomish Mines.
 You attained the rank of Field Worker.
 You entered Minetown.
 You entered a shop.
 You attained the rank of Investigator.
 You consulted the Oracle of Delphi.

 The Dungeons of Doom: levels 1 to 9
    Level 1:
       An altar.
    Level 2:
       A sink.
       Stairs down to The Gnomish Mines.
    Level 3:
       A sink.
    Level 4:
       A fountain.
    Level 5:
       A fountain, a grave.
       Final resting place for
          Barrb-Bar-Hum-Fem-Neu, killed by a rothe, while frozen by a floating eye's gaze.
    Level 6:
    Level 7:
       A fountain.
    Level 8:
       Many fountains.
       Oracle of Delphi.
    Level 9: <- You were here.
       A general store, some fountains.
       Final resting place for
          you, killed by a crocodile.
 The Gnomish Mines: levels 3 to 5
    Level 3:
    Level 4:
    Level 5:
       Many shops, an altar, some fountains.


Vanquished creatures:
  a ghost
  3 small mimics
  a wolf
  3 winter wolf cubs
  3 leprechauns
  9 giant spiders
  a black light
  a brown pudding
  a dingo
  a dog
  a dust vortex
  a plains centaur
  a gnome mummy
  a fire ant
 an imp
  a water nymph
  a rock piercer
  3 ponies
  a fog cloud
  2 shriekers
  3 gnome leaders
  a gnomish wizard
  2 gray oozes
  a ghoul
  a paper golem
  6 giant ants
  a floating eye
  2 kittens
  a dwarf
  3 homunculi
  6 hill orcs
  3 rothes
  a centipede
  a giant bat
  6 iguanas
  5 killer bees
  2 acid blobs
  a coyote
  3 gas spores
  a large kobold
  a hobgoblin
  a brown mold
  a yellow mold
  a green mold
 10 gnomes
 11 garter snakes
  2 gnome zombies
 11 geckos
 10 jackals
  3 foxes
  3 goblins
  a sewer rat
 10 grid bugs
  4 bats
  5 lichens
  2 kobold zombies
 10 newts
173 creatures vanquished.

No species were genocided or became extinct.

Game over:
                       ----------
                      /          \
                     /    REST    \
                    /      IN      \
                   /     PEACE      \
                  /                  \
                  |  BeardyHaddock   |
                  |     1129 Au      |
                  |   killed by a    |
                  |    crocodile     |
                  |                  |
                  |                  |
                  |       2026       |
                 *|     *  *  *      | *
        _________)/\\_//(\/(/\)/\//\/|_)_______

Goodbye BeardyHaddock the Archeologist...

You died in The Dungeons of Doom on dungeon level 9 with 5790 points,
and 1129 pieces of gold, after 7808 moves.
You were level 7 with a maximum of 69 hit points when you died.

